 Dungeon Crawl Stone Soup version 0.32-a0-886-g41c5271027 (webtiles) character file.

Game seed: 422938413048274172

7578 pokedragonboy the Thaumaturge (level 11, -11/81 HPs)
             Began as a Djinni Fire Elementalist on Apr 2, 2024.
             Was an Initiate of Gozag.
             Shot with an arrow by a centaur warrior (17 damage)
             ... on level 9 of the Dungeon.
             The game lasted 00:34:36 (8702 turns).

pokedragonboy the Thaumaturge (DjFE)                Turns: 8702, Time: 00:34:36

Health: -11/81     AC:  3    Str:  7    XL:     11   Next: 39%
Gold:   1061       EV: 32    Int: 20    God:    Gozag SH:  0 Dex: 18

rFire   + + .        a - +4 dagger of the Dead {flame, Dex+3}
rCold   x . .        v - orb {light}
rNeg    + . .        y - +0 robe {rN+}
rPois   ∞            (no helmet)
rElec   .            (no cloak)
rCorr   .            m - +0 pair of gloves
SInv    .            (boots unavailable)
Will    +....        C - amulet of the acrobat
Stlth   +            i - +4 ring of slaying
HPRegen 0.33/turn    (no ring)
MPRegen 0.00/turn

%: acrobat, infuse magic (-12 HP)
@: acrobatic, flying, glowing
A: sickness immunity, fire resistance 2, cold vulnerability 1, float, innate
caster, HP casting, extra vitality 1
a: Renounce Religion, Potion Petition, Call Merchant, Bribe Branch


You were on level 9 of the Dungeon.
You worshipped Gozag.
Gozag was most pleased with you.
You visited 2 branches of the dungeon, and saw 11 of its levels.

You collected 1169 gold pieces.
You spent 36 gold pieces at shops.
You paid 72 gold pieces to Gozag.

Inventory:

Hand Weapons
 a - the +4 dagger of the Dead (weapon) {flame, Dex+3}
   (You found it on level 6 of the Dungeon)

   Dex+3:     It affects your dexterity (+3).
 b - a +2 flail of protection
Missiles
 h - 5 throwing nets
Armour
 m - a +0 pair of gloves (worn)
 v - an orb of light (worn)
 y - a +0 robe of positive energy (worn)
Jewellery
 i - a +4 ring of slaying (left hand)
 C - an amulet of the acrobat (around neck)
 E - a ring of willpower
Talismans
 q - a blade talisman
 F - a dragon-blood talisman
Wands
 u - a wand of paralysis (20)
 D - a wand of acid (4)
 H - a wand of warping (10)
Scrolls
 d - 2 scrolls of fog
 e - a scroll of poison
 f - a scroll of noise
 g - 4 scrolls of revelation
 k - a scroll of brand weapon {unknown}
 o - 2 scrolls of immolation
 p - a scroll of butterflies {unknown}
 r - a scroll of vulnerability {unknown}
 t - a scroll of enchant weapon
 w - 2 scrolls of identify
 x - 2 scrolls of blinking
 z - a scroll of fear
Potions
 c - a potion of lignification {unknown}
 j - 2 potions of degeneration
 l - 2 potions of heal wounds
 n - 3 potions of brilliance
 s - a potion of attraction {unknown}
 A - a potion of resistance {unknown}
 B - 2 potions of mutation {unknown}
 G - a potion of berserk rage {unknown}


   Skills:
 + Level 8.2 Fighting
 + Level 9.4 Dodging
 - Level 1.5 Stealth
 * Level 10.2 Spellcasting
 * Level 10.2 Conjurations
 * Level 10.2 Hexes
   Level 0.0 Charms
 * Level 10.2 Summonings
 * Level 10.2 Necromancy
 * Level 10.2 Translocations
   Level 0.0 Transmutations
 * Level 10.2 Fire Magic
 * Level 10.2 Ice Magic
 * Level 10.2 Air Magic
 * Level 10.2 Earth Magic
 * Level 10.2 Alchemy


You knew the following spells:

 Your Spells              Type           Power      Damage    Failure   Level
a - Foxfire               Conj/Fire      100%       2x1d9     1%          1
b - Scorch                Fire           100%       2d9       1%          2
c - Volatile Blastmotes   Fire/Tloc      100%       2d18      1%          3
d - Inner Flame           Hex/Fire       50%        N/A       1%          3
e - Flame Wave            Conj/Fire      50%        2d12      1%          4
f - Kiss of Death         Conj/Necr      100%       2d13      1%          1
g - Momentum Strike       Conj/Tloc      100%       3d10      1%          2
h - Stone Arrow           Conj/Erth      100%       3d13      1%          3
i - Olgreb's Toxic Radia  Alch           50%        N/A       1%          4
j - Animate Dead          Necr           50%        N/A       1%          4
Your spell library was empty.

Dungeon Overview and Level Annotations

Branches:
Dungeon (10/15)            Temple (1/1) D:5
   Lair: D:8-11         Orc: D:9-12

Altars:
Ashenzari
Cheibriados
Dithmenos
Elyvilon
Fedhas
Gozag
Hepliaklqana
Makhleb
Nemelex Xobeh
Okawaru
Qazlal
Ru
Trog
Uskayaw
Wu Jian
Xom
Yredelemnul
Zin
The Shining One

Shops:
D:4 ?

Annotations:
D:10 Joseph, Psyche


Innate Abilities, Weirdness & Mutations

You are immune to sickness and miasma.
You are immune to poison.
Your flesh is very heat resistant. (rF++)
You are vulnerable to cold. (rC-)
You float through the air rather than walking.
You learn spells naturally, not from books.
Your magical power is your life essence.
You have superior vitality. (+4 MHP)


Message History

Casting: Stone Arrow (safe; 1% risk of failure)
Confirm with . or Enter, or press ? or * to list all spells.
You begin to radiate toxic energy.
The centaur warrior is poisoned.
The centaur warrior shoots an arrow.
The arrow barely misses you.
Unknown command.
There are no items here.
You start resting.
A centaur warrior is nearby!
The centaur warrior looks even sicker.
Your toxic aura wanes.
The centaur warrior shoots an arrow.
The arrow barely misses you.
The centaur warrior shoots an arrow.
The arrow completely misses you.
Casting: Olgreb's Toxic Radiance (mildly dangerous; 1% risk of failure)
Confirm with . or Enter, or press ? or * to list all spells.
You can't see any susceptible monsters within range! (Use Z to cast anyway.)
Casting: Olgreb's Toxic Radiance (mildly dangerous; 1% risk of failure)
Confirm with . or Enter, or press ? or * to list all spells.
You conjure some foxfire!
Casting: Foxfire (safe; 1% risk of failure)
Confirm with . or Enter, or press ? or * to list all spells.
You conjure some foxfire!
The foxfire hits the centaur warrior.
The centaur warrior is moderately wounded.
The centaur warrior shoots an arrow.
The arrow hits you!
The foxfire hits the centaur warrior!
The centaur warrior is heavily wounded.
The centaur warrior shoots an arrow.
The arrow hits you!
Casting: Foxfire (safe; 1% risk of failure)
Confirm with . or Enter, or press ? or * to list all spells.
You conjure some foxfire!
The foxfire hits the centaur warrior.
The centaur warrior is heavily wounded.
The foxfire hits the centaur warrior but does no damage.
The centaur warrior is heavily wounded.
The centaur warrior shoots an arrow.
The arrow hits you!!
* * * LOW HITPOINT WARNING * * *
Your foxfire dissipates!
The foxfire hits the centaur warrior.
The centaur warrior is severely wounded.
The centaur warrior shoots an arrow.
The arrow hits you!
You die...
Your body crumbles into a pile of gold.

#........... .
#..........# #.
#..........#
#.#..........#
..c..$......#
#..........#
#..§.......#
#§## #§@# ##.##
#..# ###'#####
..######.......#
.......'.......#
..######.......#
#.......#
#.......#


You could see a centaur warrior (poisoned).

Vanquished Creatures
  Harold (D:10)
  2 two-headed ogres
  Pikel (D:7)
  An unseen horror (D:8)
  2 trolls
  A hornet (D:8)
  A wraith (D:9)
  2 wyverns
  4 humans (D:10)
  6 yaks (D:6)
  3 steam dragons
  An acid dragon (D:9)
  2 water moccasins
  An ice beast (D:8)
  An ogre (D:5)
  2 centaurs (D:10)
  3 lemures (D:7)
  2 kobold brigands
  2 bullfrogs (D:6)
  3 scorpions
  3 wights (D:8)
  A killer bee (D:8)
  5 howler monkeys
  3 hounds
  3 orc priests
  3 jellies
  A sleepcap (D:6)
  Ijyb (D:4)
  6 orc wizards
  3 gnolls (D:8)
  5 adders
  2 white imps (D:6)
  2 ufetubi (D:5)
  2 dart slugs (D:1)
  2 ribbon worms
  21 orcs
  7 endoplasms
  2 giant cockroaches
  12 goblins
  7 hobgoblins
  4 jackals (D:1)
  9 kobolds
  3 quokkas
  5 ball pythons
  5 bats
  2 frilled lizards
  3 rats (D:1)
163 creatures vanquished.

Vanquished Creatures (others)
  342 foxfires
342 creatures vanquished.

Grand Total: 505 creatures vanquished

Notes
Turn   | Place    | Note
-------+----------+-------------------------------------------
     0 | D:1      | pokedragonboy the Djinni Fire Elementalist began the quest
                  | for the Orb.
     0 | D:1      | pokedragonboy set off with the following spells memorised:
                  | Foxfire, Scorch, Volatile Blastmotes, Inner Flame, Flame
                  | Wave.
     0 | D:1      | Reached XP level 1. HP: 15/15 MP: 0/0
   149 | D:1      | Reached XP level 2. HP: 20/21 MP: 0/0
   385 | D:1      | Reached XP level 3. HP: 24/25 MP: 0/0
   385 | D:1      | Learned a level 1 spell: Kiss of Death
   962 | D:2      | Reached XP level 4. HP: 20/31 MP: 0/0
  1975 | D:3      | Found a stormy altar of Qazlal.
  1980 | D:3      | Found a sacrificial altar of Ru.
  1985 | D:3      | Found a blossoming altar of Fedhas.
  1985 | D:3      | Found an iron altar of Okawaru.
  1986 | D:3      | Found a basalt altar of Yredelemnul.
  1987 | D:3      | Found a hide-covered altar of Uskayaw.
  2086 | D:3      | Found a broken altar of Ashenzari.
  2088 | D:3      | Found a sparkling altar of Nemelex Xobeh.
  2288 | D:4      | Reached XP level 5. HP: 23/35 MP: 0/0
  2288 | D:4      | Learned a level 2 spell: Momentum Strike
  2297 | D:4      | Reached skill level 5 in Spellcasting
  2297 | D:4      | Reached skill level 5 in Conjurations
  2297 | D:4      | Reached skill level 5 in Hexes
  2297 | D:4      | Reached skill level 5 in Summonings
  2297 | D:4      | Reached skill level 5 in Necromancy
  2297 | D:4      | Reached skill level 5 in Translocations
  2297 | D:4      | Reached skill level 5 in Fire Magic
  2297 | D:4      | Reached skill level 5 in Ice Magic
  2297 | D:4      | Reached skill level 5 in Air Magic
  2297 | D:4      | Reached skill level 5 in Earth Magic
  2297 | D:4      | Reached skill level 5 in Alchemy
  2433 | D:4      | Found Isodyn's Magic Scroll Boutique.
  2441 | D:4      | Bought a scroll of teleportation for 36 gold pieces
  2670 | D:4      | Noticed Ijyb
  2672 | D:4      | Paralysed by Ijyb for 5 turns
  2688 | D:4      | Killed Ijyb
  2689 | D:4      | Reached XP level 6. HP: 17/37 MP: 0/0
  2799 | D:4      | Reached skill level 1 in Fighting
  3077 | D:5      | Entered Level 5 of the Dungeon
  3141 | D:5      | Noticed a water moccasin
  3147 | D:5      | Killed a water moccasin
  3148 | D:5      | Reached XP level 7. HP: 44/49 MP: 0/0
  3148 | D:5      | Learned a level 3 spell: Stone Arrow
  3172 | D:5      | Found a staircase to the Ecumenical Temple.
  3200 | Temple   | Entered the Ecumenical Temple
  3240 | Temple   | Became a worshipper of Gozag Ym Sagoz the Greedy
  4555 | D:6      | Noticed a yak
  4555 | D:6      | Noticed a yak
  4555 | D:6      | Noticed a yak
  4555 | D:6      | Noticed a yak
  4555 | D:6      | Noticed a yak
  4556 | D:6      | Noticed a yak
  4558 | D:6      | Killed a yak
  4559 | D:6      | Reached XP level 8. HP: 37/56 MP: 0/0
  4565 | D:6      | Killed a yak
  4590 | D:6      | Killed a yak
  4597 | D:6      | Killed a yak
  4598 | D:6      | Reached skill level 5 in Dodging
  4877 | D:6      | Killed a yak
  4878 | D:6      | Killed a yak
  4879 | D:6      | Reached XP level 9. HP: 30/63 MP: 0/0
  4879 | D:6      | Learned a level 4 spell: Olgreb's Toxic Radiance
  5224 | D:6      | Identified the +4 dagger of the Dead {flame, Dex+3}
  5523 | D:6      | Reached skill level 5 in Fighting
  6029 | D:7      | Noticed Pikel
  6040 | D:7      | Killed Pikel
  6224 | D:7      | You are sucked into a shaft and drop 3 floors!
  6224 | D:10     | Entered Level 10 of the Dungeon
  6229 | D:10     | Noticed Joseph
  6229 | D:10     | Noticed Harold
  6231 | D:10     | Noticed Psyche
  6507 | D:10     | Reached XP level 10. HP: 29/72 MP: 0/0
  6513 | D:10     | Paralysed by an orc priest for 4 turns
  6536 | D:10     | HP: 3/72 [orc priest/divine providence (11)]
  6865 | D:10     | Killed Harold
  7189 | D:9      | Noticed a two-headed ogre
  7193 | D:9      | Killed a two-headed ogre
  7384 | D:8      | Reached XP level 11. HP: 10/79 MP: 0/0
  7384 | D:8      | Learned a level 4 spell: Animate Dead
  7710 | D:8      | Noticed a two-headed ogre
  7714 | D:8      | Killed a two-headed ogre
  8084 | D:8      | Reached skill level 10 in Spellcasting
  8084 | D:8      | Reached skill level 10 in Conjurations
  8084 | D:8      | Reached skill level 10 in Hexes
  8084 | D:8      | Reached skill level 10 in Summonings
  8084 | D:8      | Reached skill level 10 in Necromancy
  8084 | D:8      | Reached skill level 10 in Translocations
  8084 | D:8      | Reached skill level 10 in Fire Magic
  8084 | D:8      | Reached skill level 10 in Ice Magic
  8084 | D:8      | Reached skill level 10 in Air Magic
  8084 | D:8      | Reached skill level 10 in Earth Magic
  8084 | D:8      | Reached skill level 10 in Alchemy
  8692 | D:9      | Noticed a centaur warrior
  8702 | D:9      | Shot with an arrow by a centaur warrior

Illustrated notes

Levels and vault maps discovered:
D:1:      onia_arrival_pentagram, layout_basic
D:2:      layout_basic
D:3:      layout_basic, minitemple
D:4:      layout_cave_pools, serial_column_ruins, column_ruins_grid_5,
          column_ruins_circle_small, column_ruins_columns_straight,
          column_ruins_grid_3, column_ruins_corridor_straight,
          column_ruins_grid_1, column_ruins_open_medium, serial_shops, shop,
          uniq_ijyb
D:5:      layout_layer_cave, minmay_temple_entry_drinking_statues
D:6:      layout_loops_ring, corner_web_ring
D:7:      layout_basic, nicolae_specific_store, nicolae_letterblocks
          [nicolae_letter_subblock, nicolae_letter_subblock,
          nicolae_letter_subblock, nicolae_letter_subblock,
          nicolae_letter_subblock, nicolae_letter_subblock,
          nicolae_letter_subblock, nicolae_letter_subblock,
          nicolae_letter_subblock, nicolae_letter_subblock,
          nicolae_letter_subblock, nicolae_letter_subblock,
          nicolae_letter_subblock, nicolae_letter_subblock,
          nicolae_letter_subblock, nicolae_letter_subblock,
          nicolae_letter_subblock, nicolae_letter_subblock,
          nicolae_letter_subblock, nicolae_letter_subblock,
          nicolae_letter_subblock, nicolae_letter_subblock,
          nicolae_letter_subblock, nicolae_letter_subblock,
          nicolae_letter_subblock], uniq_pikel, uniq_maurice
D:8:      layout_basic, st_stairs_10, grunt_tough_drop
D:9:      layout_roguey, gammafunk_ghost_hydra_chop, serial_bayou_pond_c,
          uniq_maggie
D:10:     layout_rooms, minmay_ruffians, uniq_psyche, uniq_harold, uniq_joseph
Temple:   jpeg_temple_clearing

Skill      XL: |  1  2  3  4  5  6  7  8  9 10 11 |
---------------+----------------------------------+-----
Spellcasting   | 4 5 6 7 8 9 10 | 10.2
Conjurations   | 4 5 6 7 8 9 10 | 10.2
Hexes          | 4 5 6 7 8 9 10 | 10.2
Summonings     | 4 5 6 7 8 9 10 | 10.2
Necromancy     | 4 5 6 7 8 9 10 | 10.2
Translocations | 4 5 6 7 8 9 10 | 10.2
Fire Magic     | 4 5 6 7 8 9 10 | 10.2
Ice Magic      | 4 5 6 7 8 9 10 | 10.2
Air Magic      | 4 5 6 7 8 9 10 | 10.2
Earth Magic    | 4 5 6 7 8 9 10 | 10.2
Alchemy        | 4 5 6 7 8 9 10 | 10.2
Fighting       | 2 3 4 6 7 8 |  8.2
Dodging        | 3 4 5 7 8 9 |  9.4
Stealth        | |  1.5

Action                     |  1- 3 |  4- 6 |  7- 9 | 10-12 || total
---------------------------+-------+-------+-------+-------++-------
  Melee: Club              |     1 |       |       |       ||     1
         Dagger            |     1 |     8 |    14 |     9 ||    32
         Flail             |       |     3 |    17 |       ||    20
   Cast: Foxfire           |    44 |    76 |    45 |    42 ||   207
         Scorch            |     4 |    15 |    14 |    17 ||    50
         Kiss of Death     |       |     1 |     1 |       ||     2
         Momentum Strike   |       |     1 |       |       ||     1
         Inner Flame       |       |       |     6 |     4 ||    10
         Volatile Blastmot |       |       |     1 |       ||     1
         Flame Wave        |       |       |     5 |     2 ||     7
         Stone Arrow       |       |       |    14 |    12 ||    26
         Olgreb's Toxic Ra |       |       |     4 |    12 ||    16
    Use: Scroll            |     1 |     3 |     3 |     6 ||    13
         Potion            |       |       |     3 |       ||     3
 Armour: Robe              |     7 |    20 |    53 |    35 ||   115
  Dodge: Dodged            |     4 |    19 |    58 |    56 ||   137

Table legend: (Time is in decaauts)
 A = Elapsed time spent in this place.
 B = Non-inter-level travel time spent in this place.
 C = Inter-level travel time spent in this place.
 D = Time resting spent in this place.
 E = Time spent auto-exploring this place.
 F = Levels seen in this place.
 G = Mean time per level.
                   A        B        C        D        E       F      G
               +--------+--------+--------+--------+--------+-----+--------+
         Total |   8706 |   8419 |    287 |   1963 |   5060 |  11 |  791.5 |
       Dungeon |   8642 |   8414 |    228 |   1963 |   5060 |  10 |  864.2 |
        Temple |     63 |      4 |     59 |      0 |      0 |   1 |   63.0 |
               +--------+--------+--------+--------+--------+-----+--------+

Top non-repeatable levels by time:
     D:6: 1540 daAuts
     D:8: 1302 daAuts
     D:5: 1139 daAuts
    D:10: 964 daAuts
     D:1: 955 daAuts
     D:4: 828 daAuts
     D:3: 754 daAuts
     D:2: 537 daAuts
     D:7: 408 daAuts
     D:9: 210 daAuts
  Temple: 63 daAuts
